 Dungeon Crawl Stone Soup version 0.30-a0-728-gc68057be0a (webtiles) character file.

Game seed: 14797220371336641513

7 Newt the Ducker (level 1, -3/16 HPs)
             Began as a Demonspawn Gladiator on Jan 30, 2023.
             Frozen to death by an endoplasm (5 damage)
             ... on level 1 of the Dungeon.
             The game lasted 00:00:10 (62 turns).

Newt the Ducker (Demonspawn Gladiator)                Turns: 62, Time: 00:00:11

Health: -3/16      AC:  4    Str: 14    XL:     1   Next: 91%
Magic:  1/1        EV: 12    Int:  9    God:
Gold:   0          SH:  0    Dex: 14    Spells: 0/0 levels left

rFire   . . .      SeeInvis .    a - +0 rapier
rCold   . . .      Faith    .    (no shield)
rNeg    . . .      Spirit   .    b - +0 leather armour
rPois   .          Reflect  .    c - +0 helmet
rElec   .          Harm     .    (no cloak)
rCorr   .          Rampage  .    (no gloves)
Will    .....                    (no boots)
Stlth   ++                       (no amulet)
HPRegen 0.22/turn                (no ring)
MPRegen 0.07/turn                (no ring)

@: no status effects
A: no striking features
a: no special abilities


You were on level 1 of the Dungeon.
You visited 1 branch of the dungeon, and saw 1 of its levels.

Inventory:

Hand Weapons
 a - a +0 rapier (weapon)
Missiles
 d - 2 throwing nets (quivered)
 e - a javelin
Armour
 b - a +0 leather armour (worn)
 c - a +0 helmet (worn)


   Skills:
 - Level 2.0 Fighting
 - Level 2.6 Short Blades
 - Level 1.7 Throwing
 - Level 2.6 Dodging
 + Level 1.6 Stealth


You couldn't memorise any spells.
You didn't know any spells.
Your spell library was empty.

Dungeon Overview and Level Annotations

Branches:
Dungeon (1/15)

Altars:


Message History

You barely miss the goblin. The goblin hits you but does no damage.
You hit the hobgoblin but do no damage. The hobgoblin hits you.
The goblin hits you with a +0 club.
You hit the hobgoblin but do no damage. The goblin hits you with a +0 club.
The hobgoblin barely misses you. The goblin barely misses you.
An endoplasm comes into view.
The hobgoblin hits you but does no damage.
You closely miss the hobgoblin. The hobgoblin barely misses you.
The goblin closely misses you.
You closely miss the hobgoblin. The goblin hits you with a +0 club.
The hobgoblin hits you.
You closely miss the hobgoblin.
The hobgoblin hits you but does no damage.
The goblin barely misses you.
There are monsters nearby!
There are monsters nearby!
You hit the hobgoblin.
You kill the hobgoblin!
The goblin hits you with a +0 club.
You completely miss the goblin.
The endoplasm hits you but does no damage.
The goblin hits you with a +0 club.
You barely miss the goblin. The endoplasm freezes you.
You are frozen.
The goblin closely misses you.
You closely miss the goblin. The endoplasm barely misses you.
The goblin misses you.
You hit the goblin.
You kill the goblin!
The endoplasm freezes you.
You are frozen.
* * * LOW HITPOINT WARNING * * *
Throw: 3 throwing nets
Press: ? - help, Q - select action, (/) - cycle Shift-Dir - straight line, f - endoplasm
Aim: an endoplasm (86% to hit)
You throw a throwing net.
The throwing net barely misses the endoplasm.
The endoplasm freezes you.
You are frozen.
You die...

.. #.# ## #..# ..
... .### ...#.#).
#.(.#.# #J##.# #.#
#@)#.# #.# ##...#
#.# ##..#### #.#
## #.....##
#(####.
###.....###.#.(..
#....~~...##.#.###
#...~~~~~..††..#
#...~~~~~....###
#.#.~~~~~.>###


You could see an endoplasm.

Vanquished Creatures
  A ball python (D:1)
  A goblin (D:1)
  A hobgoblin (D:1)
  A bat (D:1)
  3 frilled lizards (D:1)
  A rat (D:1)
8 creatures vanquished.

Notes
Turn   | Place    | Note
-------+----------+-------------------------------------------
     0 | D:1      | Newt the Demonspawn Gladiator began the quest for the Orb.
     0 | D:1      | Reached XP level 1. HP: 16/16 MP: 1/1
    21 | D:1      | Reached skill level 1 in Stealth
    62 | D:1      | Frozen to death by an endoplasm

Illustrated notes

Levels and vault maps discovered:
D:1:      dpeg_arrival_tiny_a, layout_basic, hellmonk_ecumenical_altar_run_dry,
          minmay_gold_behind_fungi, minmay_lizard_pond

Skill      XL: |  1 |
---------------+----+-----
Stealth        | 1 |  1.6
Fighting       | |  2.0
Short Blades   | |  2.6
Throwing       | |  1.7
Dodging        | |  2.6

Action                     || total
---------------------------++-------
  Melee: Rapier            ||    25
  Throw: Throwing net      ||     1
 Armour: Leather armour    ||    10
  Dodge: Dodged            ||    29

Table legend: (Time is in decaauts)
 A = Elapsed time spent in this place.
 B = Non-inter-level travel time spent in this place.
 C = Inter-level travel time spent in this place.
 D = Time resting spent in this place.
 E = Time spent auto-exploring this place.
 F = Levels seen in this place.
 G = Mean time per level.
                   A        B        C        D        E       F      G
               +--------+--------+--------+--------+--------+-----+--------+
         Total |     63 |     63 |      0 |      0 |     23 |   1 |   63.0 |
       Dungeon |     63 |     63 |      0 |      0 |     23 |   1 |   63.0 |
               +--------+--------+--------+--------+--------+-----+--------+

Top non-repeatable levels by time:
     D:1: 63 daAuts
